 Dungeon Crawl Stone Soup version 0.27-a0-1555-g0e7b3fb1d2 (webtiles) character file.

Game seed: 4451146447864729552

16472 Wyvernaa the Covert (level 12, 0/58 HPs)
             Began as a Vine Stalker Enchanter on July 14, 2021.
             Was a Priest of Dithmenos.
             Slain by a fire elemental (6 damage)
             ... on level 3 of the Lair of Beasts on July 15, 2021.
             The game lasted 01:19:01 (18918 turns).

Wyvernaa the Covert (Vine Stalker Enchanter)       Turns: 18918, Time: 01:19:02

Health: 0/58       AC: 15    Str: 17    XL:     12   Next: 37%
Magic:  0/26       EV: 14    Int: 24    God:    Dithmenos [***...]
Gold:   824        SH:  0    Dex: 16    Spells: 18/30 levels left

rFire    . . .     SeeInvis .   w - +4 dagger (venom)
rCold    . . .     Faith    .   (no shield)
rNeg     . . .     Spirit   +   b - +1 robe
rPois    .         Reflect  .   h - +1 helmet
rElec    .         Harm     .   (no cloak)
rCorr    .         Rampage  .   u - +0 pair of gloves "Janemu Xofe" {+Inv Str+5}
Will     +....                  a - +0 pair of boots
Stlth    +++++++...             (no amulet)
HPRegen  1.19/turn              g - +6 ring of intelligence
MPRegen  0.20/turn              B - ring of the Tortoise {AC+8}

@: confusing by touch, about to teleport, wreathed by umbra
A: fangs 3, regeneration 1, magic shield, antimagic bite, no potion heal 2
a: Renounce Religion, Evoke Invisibility, Shadow Step


You were on level 3 of the Lair of Beasts.
You worshipped Dithmenos.
Dithmenos was most pleased with you.
You visited 3 branches of the dungeon, and saw 15 of its levels.
You also visited: Ossuary and Ice Cave.

You collected 1143 gold pieces.
You spent 319 gold pieces at shops.

Inventory:

Hand Weapons
 i - a +1 dagger of holy wrath
 w - a +4 dagger of venom (weapon)
 x - the +6 dagger of Okyewk {elec, Fragile Will+ rCorr}
   (You took it off an orc on level 10 of the Dungeon)

   It occasionally discharges a powerful burst of electricity upon striking a
   foe.
   rCorr:     It protects you from acid and corrosion.
   Fragile:   It will be destroyed if unequipped.
   Will:      It increases your willpower.
Armour
 a - a +0 pair of boots (worn)
 b - a +1 robe (worn)
 h - a +1 helmet (worn)
 u - the +0 pair of gloves "Janemu Xofe" (worn) {+Inv Str+5}
   (You bought it in a shop on level 6 of the Dungeon)

   Str:       It affects your strength (+5).
   +Inv:      It lets you turn invisible.
Jewellery
 c - a +6 ring of strength
 g - a +6 ring of intelligence (left hand)
 m - a +4 ring of protection
 B - the ring of the Tortoise (right hand) {AC+8}
   (You found it on level 2 of the Lair of Beasts)

   [ring of protection]

   AC:        It affects your AC (+8).
 C - a ring of see invisible
Wands
 D - a wand of charming (7)
Scrolls
 o - a scroll of fear
 p - a scroll of amnesia
 r - 4 scrolls of fog
 v - a scroll of holy word
 y - 2 scrolls of identify
 A - a scroll of magic mapping
Potions
 d - a potion of flight
 e - a potion of brilliance
 f - 5 potions of attraction
 j - 3 potions of haste
 k - a potion of berserk rage
 l - 4 potions of lignification
 q - 3 potions of curing
 s - a potion of mutation
 t - 3 potions of might
 z - a potion of resistance


   Skills:
 + Level 4.1 Fighting
 + Level 6.6 Short Blades
 + Level 5.3 Dodging
 + Level 12.3 Stealth
 * Level 9.5 Spellcasting
 - Level 0.1 Conjurations
 * Level 9.1 Hexes
 - Level 1.6 Ice Magic
 * Level 5.8 Invocations
 + Level 2.2 Evocations


You had 18 spell levels left.
You knew the following spells:

 Your Spells              Type           Power      Damage    Failure   Level
b - Ensorcelled Hibernat  Hex/Ice        74%        N/A       1%          2
c - Confusing Touch       Hex            53%        N/A       1%          3
d - Dazzling Flash        Conj/Hex       66%        N/A       2%          3
e - Cause Fear            Hex            26%        N/A       1%          4

Your spell library contained the following spells:

 Spells                   Type           Power      Damage    Failure   Level
 Corona                   Hex            58%        N/A       1%          1
 Tukima's Dance           Hex            53%        N/A       1%          3
 Freeze                   Ice            76%        1d9       2%          1
 Inner Flame              Hex/Fire       33%        N/A       2%          3
 Beastly Appendage        Tmut           22%        N/A       5%          1
 Wereblood                Tmut           11%        N/A       9%          2
 Frozen Ramparts          Ice            38%        1d5       9%          3
 Gell's Gravitas          Tloc           5%         N/A       17%         3
 Spider Form              Tmut/Pois      5%         N/A       17%         3
 Teleport Other           Tloc           11%        N/A       17%         3
 Hailstorm                Conj/Ice       15%        3d5       36%         4
 Dispersal                Tloc           5%         N/A       100%        6
 Dragon Form              Tmut           5%         N/A       100%        7
 Discord                  Hex            26%        N/A       100%        8
 Dragon's Call            Summ           5%         N/A       100%        9


Dungeon Overview and Level Annotations

Branches:
Dungeon (11/15)            Temple (1/1) D:7            Lair (3/6) D:11
 Shoals (0/4) Lair:2      Ossuary (visited)           IceCv (visited)
  Snake: Lair:2-4    Spider: Lair:2-4       Orc: D:9-12

Altars:
Ashenzari
Cheibriados
Dithmenos
Elyvilon
Fedhas
Gozag
Hepliaklqana
Kikubaaqudgha
Nemelex Xobeh
Okawaru
Qazlal
Ru
Sif Muna
Trog
Uskayaw
Vehumet
Wu Jian
Xom
Yredelemnul
Zin
The Shining One
Lugonu

Shops:
D:3 !   D:6 [

Portals:
Abyss: D:6

Annotations:
D:8 Gastronok


Innate Abilities, Weirdness & Mutations

You have razor-sharp teeth.
Your natural rate of healing is unusually fast.
When hurt, damage is shared between your health and your magic reserves.
Your bite disrupts and absorbs the magic of your enemies.
Potions cannot restore your health.


Message History

Aiming: Ensorcelled Hibernation (safe; 1% risk of failure)
Press: ? - help, Shift-Dir - straight line, f - you That would be overly suicidal.
Okay, then.
Casting: Ensorcelled Hibernation (safe; 1% risk of failure)
Confirm with . or Enter, or press ? or * to list all spells.
Aiming: Ensorcelled Hibernation (safe; 1% risk of failure)
Press: ? - help, Shift-Dir - straight line, f - fire elemental
Aim: a fire elemental (lava, heavily damaged, chance to confuse on hit: 0%, umbra, infinite will)
The fire elemental is unaffected.
The fire elemental barely misses you.
You barely miss the fire elemental.
You bite the fire elemental, but do no damage.
The fire elemental is heavily damaged.
The fire elemental hits you. The fire elemental burns you!
You hit the fire elemental but do no damage.
You bite the fire elemental, but do no damage.
The fire elemental is heavily damaged.
The fire elemental barely misses you.
You barely miss the fire elemental. Your bite misses the fire elemental.
The fire elemental is heavily damaged.
The fire elemental hits you. The fire elemental burns you!
You hit the fire elemental but do no damage.
The fire elemental is heavily damaged.
The fire elemental closely misses you.
Casting: Ensorcelled Hibernation (safe; 1% risk of failure)
Confirm with . or Enter, or press ? or * to list all spells.
Your hands begin to glow brighter.
The fire elemental hits you. The fire elemental burns you!
* * * LOW HITPOINT WARNING * * *
The fire elemental hits you. The fire elemental burns you!
* * * LOW HITPOINT WARNING * * *
You hit the fire elemental but do no damage.
You bite the fire elemental, but do no damage.
The fire elemental is heavily damaged.
The fire elemental hits you. The fire elemental burns you!
* * * LOW HITPOINT WARNING * * *
As you read the scroll of teleportation, it crumbles to dust.
You feel strangely unstable. The fire elemental barely misses you.
The fire elemental hits you. The fire elemental burns you!
You die...

.#.#..P.....§..######
.$......≈≈§≈§≈...##P###
........≈≈≈§≈≈.........
.....P..§####§.........
#..≈####≈..###.#.. ##.≈≈#≈≈≈.##
####. ##...#.# # #○≈≈§≈≈≈..# #..
###....P.# #.##E.......## ##..
.........# #.P@###....## #P..
.Y.Y....#####...# #.....#P###P..
≈ ≈≈Y.......##.P.P#P.............
#≈#≈§........#...........#P..#.≈≈
#≈#§.....................##..≈≈..
##§≈............P(.......####≈≈≈#
###§.....##.....P(......## ###≈≈
≈≈≈≈YY...##.............# #≈#
..............(.... ###


You could see a fire elemental.

Vanquished Creatures
  Snorg (D:10)
  A hydra (Lair:2)
  A two-headed ogre (D:11)
  2 oklob plants (Lair:1)
  2 black mambas (Lair:1)
  A gargoyle (D:11)
  2 cane toads (Lair:1)
  An unseen horror (D:7)
  A komodo dragon (D:11)
  A troll (D:11)
  2 polar bears
  5 blink frogs (Lair:2)
  Grinder (D:3)
  Prince Ribbit (D:8)
  2 dream sheep (Lair:3)
  A wraith (D:10)
  13 yaks
  Eustachio (D:6)
  2 wyverns
  3 basilisks (Lair:1)
  4 fire bats (D:10)
  Menkaure (Ossuary)
  Edmund (D:6)
  A hell hound (D:10)
  Duvessa (D:7)
  4 water moccasins
  A black bear (Lair:1)
  A sky beast (D:7)
  3 ice beasts
  5 orc warriors
  2 ogres
  A necrophage (D:6)
  3 wolves
  3 centaurs
  A kobold brigand (D:4)
  A phantom (D:5)
  9 bullfrogs
  Blork the orc (D:6)
  A gnoll sergeant (D:5)
  A scorpion (D:4)
  Dowan (D:7)
  6 wights
  2 howler monkeys (D:10)
  5 electric eels
  4 jellies
  2 lava snakes (D:10)
  6 centaur zombies
  A bullfrog zombie (D:7)
  4 hounds
  7 orc priests
  A gnoll shaman (D:7)
  A bullfrog skeleton (D:6)
  5 orc wizards
  Natasha (twice) (D:2)
  A killer bee zombie (D:6)
  A centaur simulacrum (D:9)
  2 ogre zombies (Ossuary)
  6 mummies (Ossuary)
  8 adders
  7 gnolls
  A shadow imp (D:6)
  A white imp (D:6)
  An ufetubus (D:9)
  4 adder zombies (Ossuary)
  A worm (D:2)
  3 dart slugs
  33 orcs
  8 bats
  6 endoplasms
  6 giant cockroaches
  4 goblins
  3 hobgoblins (D:1)
  2 jackals (D:1)
  8 kobolds
  7 quokkas
  4 ball pythons
  4 frilled lizards (D:1)
  5 goblin zombies (Ossuary)
  7 hobgoblin zombies (Ossuary)
  3 kobold zombies (Ossuary)
  An orc zombie (Ossuary)
  2 quokka zombies (Ossuary)
  5 rats
  3 rat zombies (Ossuary)
283 creatures vanquished.

Vanquished Creatures (others)
  An orc (D:10)
  A bat (D:2)
  3 fire vortices (D:10)
  6 fungi
  A lurking horror (D:6)
  63 plants
75 creatures vanquished.

Grand Total: 358 creatures vanquished

Notes
Turn   | Place    | Note
-------+----------+-------------------------------------------
     0 | D:1      | Wyvernaa the Vine Stalker Enchanter began the quest for the
                  | Orb.
     0 | D:1      | Reached XP level 1. HP: 9/9 MP: 4/4
   164 | D:1      | Reached XP level 2. HP: 9/13 MP: 6/6
   169 | D:1      | Reached skill level 4 in Stealth
   174 | D:1      | Learned a level 2 spell: Ensorcelled Hibernation
   924 | D:1      | Reached skill level 1 in Short Blades
   925 | D:1      | Reached XP level 3. HP: 9/16 MP: 2/7
  2427 | D:2      | Noticed Natasha
  2434 | D:2      | Killed Natasha
  2435 | D:2      | Gained mutation: Your natural rate of healing is unusually
                  | fast. [Vine Stalker growth]
  2435 | D:2      | Reached XP level 4. HP: 21/21 MP: 8/8
  2499 | D:2      | Found an ornate altar of the Wu Jian Council.
  2692 | D:3      | Reached skill level 5 in Stealth
  2797 | D:3      | Noticed Grinder
  2958 | D:3      | Paralysed by Grinder for 3 turns
  2973 | D:2      | Noticed Natasha
  2983 | D:2      | Killed Natasha
  2984 | D:2      | Reached XP level 5. HP: 20/25 MP: 5/9
  3056 | D:3      | Found a faded altar of an unknown god.
  3063 | D:3      | Found Daidud's Distillery.
  3423 | D:3      | Killed Grinder
  3424 | D:3      | Reached skill level 1 in Fighting
  3424 | D:3      | Reached skill level 6 in Stealth
  3424 | D:3      | Reached XP level 6. HP: 26/30 MP: 7/11
  3974 | D:4      | Reached XP level 7. HP: 30/33 MP: 12/12
  4118 | D:4      | Found an iron altar of Okawaru.
  4484 | D:5      | Entered Level 5 of the Dungeon
  4551 | D:5      | Found a sacrificial altar of Ru.
  4564 | D:5      | Found a radiant altar of Vehumet.
  4739 | D:5      | Reached skill level 7 in Stealth
  5421 | D:5      | Gained mutation: You have razor-sharp teeth. [Vine Stalker
                  | growth]
  5421 | D:5      | Reached XP level 8. HP: 39/39 MP: 14/14
  5731 | D:6      | Reached skill level 1 in Ice Magic
  5939 | D:6      | Found Ithoomp's Armour Emporium.
  5939 | D:6      | Noticed Edmund
  6006 | D:6      | Found a sand-covered staircase.
  6011 | Ossuary  | Entered an ossuary
  6279 | Ossuary  | Noticed Menkaure
  6335 | Ossuary  | Learned a level 3 spell: Confusing Touch
  6343 | Ossuary  | Killed Menkaure
  7148 | D:6      | Reached skill level 8 in Stealth
  7194 | D:6      | Noticed Blork the orc
  7203 | D:6      | Killed Blork the orc
  7204 | D:6      | Reached skill level 5 in Hexes
  7240 | D:6      | Noticed Eustachio
  7294 | D:6      | Killed Eustachio
  7295 | D:6      | Reached skill level 5 in Spellcasting
  7295 | D:6      | Reached XP level 9. HP: 35/43 MP: 3/17
  7491 | D:6      | Found a corrupted altar of Lugonu.
  7493 | D:6      | Found a one-way gate to the infinite horrors of the Abyss.
  7496 | D:6      | Bought the +0 pair of gloves "Janemu Xofe" {+Inv Str+5} for
                  | 319 gold pieces
  7541 | D:6      | Killed Edmund
  7798 | D:6      | Found a shimmering blue altar of Sif Muna.
  7800 | D:6      | Found a snail-covered altar of Cheibriados.
  7800 | D:6      | Found a shimmering blue altar of Sif Muna.
  7802 | D:6      | Found an iron altar of Okawaru.
  7802 | D:6      | Found a shimmering altar of Xom.
  7802 | D:6      | Found a white marble altar of Elyvilon.
  7857 | D:7      | Reached skill level 5 in Short Blades
  7857 | D:7      | Reached skill level 1 in Evocations
  7941 | D:7      | Found a broken altar of Ashenzari.
  7982 | D:7      | Found a staircase to the Ecumenical Temple.
  7990 | Temple   | Entered the Ecumenical Temple
  8064 | Temple   | Became a worshipper of Dithmenos the Shadowed
  8472 | D:7      | Found a stormy altar of Qazlal.
  8584 | D:7      | Reached skill level 9 in Stealth
  8596 | D:7      | Noticed Dowan
  8615 | D:7      | Noticed Duvessa
  8629 | D:7      | Killed Duvessa
  8639 | D:7      | Killed Dowan
  9089 | D:8      | Noticed Gastronok
  9091 | D:8      | Noticed Prince Ribbit
  9457 | D:8      | Reached * piety under Dithmenos
  9687 | D:8      | Reached XP level 10. HP: 49/49 MP: 16/20
  9744 | D:8      | Reached skill level 1 in Invocations
  9821 | D:8      | Killed Prince Ribbit
  9891 | D:7      | Killed an unseen horror
 10388 | D:9      | Found Essyg's Magic Scroll Emporium.
 11511 | D:10     | Entered Level 10 of the Dungeon
 11718 | D:9      | Learned a level 3 spell: Dazzling Flash
 11723 | D:9      | Learned a level 4 spell: Cause Fear
 12268 | D:10     | Reached skill level 10 in Stealth
 13121 | D:10     | Identified the +6 dagger of Okyewk {elec, Fragile Will+
                  | rCorr}
 13254 | D:10     | Noticed Snorg
 13262 | D:10     | Killed Snorg
 13262 | D:10     | Reached ** piety under Dithmenos
 13263 | D:10     | Reached XP level 11. HP: 52/52 MP: 22/24
 13313 | D:10     | Found a shimmering blue altar of Sif Muna.
 13444 | D:10     | Found the +3 sling "Punk" {acid, rCorr}
 15411 | D:11     | Noticed a skeletal warrior
 15411 | D:11     | Noticed a skeletal warrior
 15414 | D:11     | Found a frozen archway.
 15423 | IceCv    | Entered an ice cave
 15950 | D:11     | Noticed a two-headed ogre
 15956 | D:11     | Killed a two-headed ogre
 16156 | D:11     | Found a staircase to the Lair.
 16167 | D:11     | Reached skill level 11 in Stealth
 16193 | Lair:1   | Entered Level 1 of the Lair of Beasts
 16828 | Lair:1   | Reached skill level 5 in Dodging
 16828 | Lair:1   | Reached skill level 5 in Invocations
 16898 | Lair:1   | Found a blossoming altar of Fedhas.
 16901 | Lair:1   | Noticed an oklob plant
 16902 | Lair:1   | Noticed an oklob plant
 16904 | Lair:1   | Killed an oklob plant
 16908 | Lair:1   | Killed an oklob plant
 16961 | Lair:1   | Reached XP level 12. HP: 58/58 MP: 24/26
 17417 | Lair:2   | Found a staircase to the Shoals.
 17741 | Lair:1   | Reached skill level 12 in Stealth
 17754 | Lair:2   | Found the ring of the Tortoise {AC+8}
 17918 | Lair:2   | Reached *** piety under Dithmenos
 18170 | Lair:2   | Noticed a five-headed hydra
 18181 | Lair:2   | Killed a five-headed hydra
 18918 | Lair:3   | Slain by a fire elemental

Illustrated notes

Levels and vault maps discovered:
D:1:      sevenhm_arrival_forest_fort_large_1, layout_basic, feat_on_display
D:2:      layout_rooms, basic_altar, hangedman_decor_growths,
          kennysheep_generic_room_4, uniq_natasha
D:3:      layout_loops_cross, serial_shops, nicolae_shop_trees,
          hellmonk_ecumenical_altar_heavens_door,
          amcnicky_mini_rare_corridor_liquid, uniq_grinder
D:4:      layout_basic, kennysheep_mini
D:5:      layout_basic, kennysheep_mini_moat, nicolae_vehumet_radiance,
          corexii_shack
D:6:      layout_gridville, doesnt_xom_only_xom, portal_sewer_entry_f,
          enter_ossuary_2, serial_shops, shop, minmay_misc_feat_room,
          chequers_serial_rivers_micro_d, nicolae_lava_and_water,
          amcnicky_altar_lugonu_corruption, uniq_blork_the_orc, uniq_edmund,
          uniq_eustachio
D:7:      layout_basic, lemuel_crystal_altar, amcnicky_altar_gilded,
          minmay_temple_entry_statues_fountains, grunt_decor_mini_mirrors,
          uniq_duvessa, uniq_menkaure
D:8:      layout_rooms, mainiacjoe_overflow_alcove_1, uniq_prince_ribbit1,
          uniq_gastronok
D:9:      layout_basic, serial_shops, nicolae_lakefront_shop, serial_ice,
          serial_ice_e, serial_ice_i, serial_ice_g, serial_ice_c
D:10:     layout_roguey, lemuel_doored_altar, chequers_big_river,
          hangedman_incinerator, uniq_snorg
D:11:     layout_grid_maze, david_lair_shrubbed, portal_ice_cave_entry_pillars_2
Temple:   jpeg_temple_clearing
Lair:1:   layout_regular_city, grunt_forest_small_clearings,
          hangedman_tree_tricks, grunt_megastairs_5
Lair:2:   layout_long_grid, minmay_shoals_entry_hut
Lair:3:   layout_gridlike, chequers_serial_rivers_small_b, lemuel_fruit_tree

Skill      XL: |  1  2  3  4  5  6  7  8  9 10 11 12 |
---------------+-------------------------------------+-----
Stealth        | 4 5 6 7 8 9 10 11 12 | 12.3
Dodging        | 2 3 4 5 |  5.3
Short Blades   | 1 2 3 4 5 6 |  6.6
Fighting       | 1 2 3 4 |  4.1
Spellcasting   | 3 5 6 8 9 |  9.5
Hexes          | 4 5 6 7 8 9 |  9.1
Ice Magic      | 1 |  1.6
Evocations     | 2 |  2.2
Invocations    | 3 5 |  5.8
Conjurations   | |  0.1

Action                   |  1- 3 |  4- 6 |  7- 9 | 10-12 || total
-------------------------+-------+-------+-------+-------++-------
Melee: Dagger            |   113 |    95 |   464 |   517 ||  1189
       Bite              |    26 |    25 |   181 |   207 ||   439
 Cast: Ensorcelled Hiber |       |       |    26 |    33 ||    59
       Corona            |       |       |     4 |     3 ||     7
       Confusing Touch   |       |       |    17 |    34 ||    51
       Dazzling Flash    |       |       |       |     1 ||     1
       Cause Fear        |       |       |       |     1 ||     1
  Use: Scroll            |     1 |     6 |    17 |    15 ||    39
       Potion            |       |     2 |       |       ||     2
 Stab: Sleeping          |    10 |    11 |    33 |    20 ||    74
       Confused          |       |       |    12 |    22 ||    34
       Distracted        |       |       |       |     3 ||     3
Armor: Robe              |    27 |    15 |   127 |   169 ||   338
Dodge: Dodged            |    66 |    40 |   217 |   326 ||   649

Table legend: (Time is in decaauts)
 A = Elapsed time spent in this place.
 B = Non-inter-level travel time spent in this place.
 C = Inter-level travel time spent in this place.
 D = Time resting spent in this place.
 E = Time spent auto-exploring this place.
 F = Levels seen in this place.
 G = Mean time per level.
                   A        B        C        D        E       F      G
               +--------+--------+--------+--------+--------+-----+--------+
         Total |  18703 |  18339 |    364 |   5960 |   6751 |  17 | 1100.2 |
       Dungeon |  14956 |  14633 |    323 |   5010 |   5378 |  11 | 1359.6 |
        Temple |    132 |    115 |     17 |     37 |     61 |   1 |  132.0 |
          Lair |   2664 |   2641 |     23 |    613 |   1210 |   3 |  888.0 |
       Ossuary |    936 |    936 |      0 |    300 |    102 |   1 |  936.0 |
      Ice Cave |     13 |     13 |      0 |      0 |      0 |   1 |   13.0 |
               +--------+--------+--------+--------+--------+-----+--------+

Top non-repeatable levels by time:
    D:10: 3084 daAuts
     D:1: 2320 daAuts
     D:9: 1843 daAuts
  Lair:2: 1323 daAuts
     D:5: 1282 daAuts
  Lair:1: 1191 daAuts
     D:8: 1165 daAuts
     D:7: 1101 daAuts
     D:6: 1079 daAuts
 Ossuary: 936 daAuts
    D:11: 932 daAuts
     D:3: 824 daAuts
     D:4: 759 daAuts
     D:2: 564 daAuts
  Lair:3: 148 daAuts
